Map: Port Aleksander LE

Players

NexusNess - Winner!

  • Race: Terran Terran
  • League: Platinum
  • Spawn Location: 5:00

Terkea

  • Race: Zerg Zerg
  • League: Platinum
  • Spawn Location: 11:00

VOD

Have the link to the VOD?

Description

Time

  • Played on: Dec. 1, 2018, 7:43 p.m.
  • Length: 30:31
Show
View Real Time Build Order
Export as new Build Order

NexusNess Terran - Winner!

Build Orders: Cyclone Opening 

Get SALT Encoding   

  12  0:02  SCV  
  13  0:15  SCV  
  14  0:25  Supply Depot  
  14  0:28  SCV  
  15  0:39  Refinery  
  15  0:47  SCV  
  15  0:48  Barracks  
  16  0:59  SCV  
  18  1:11  SCV  
  18  1:23  SCV  
  19  1:35  SCV  
  20  1:44  Factory  
  20  1:45  Marine  
  21  1:50  Orbital Command  
  21  2:14  Barracks Tech Lab  
  21  2:18  Command Center  
  21  2:28  SCV  
  22  2:30  Refinery  
  22  2:38  Supply Depot  
  22  2:52  Bunker  
  22  2:59  Cyclone  
  22  3:03  Marine  
  26  3:06  Starport  
  26  3:10  SCV  
  27  3:21  Marine  
  27  3:22  SCV  
  29  3:39  SCV  
  30  3:46  Cyclone  
  30  3:47  Starport Tech Lab  
  33  3:51  SCV  
  33  3:52  Supply Depot  
  34  4:01  Bunker, Orbital Command  
  34  4:03  SCV  
  34  4:06  Banshee  
  38  4:15  SCV  
  39  4:20  Supply Depot  
  39  4:24  Hellion  
  41  4:27  Starport  
  41  4:29  Marine  
  42  4:35  SCV  
  43  4:42  SCV  
  43  4:43  Supply Depot  
  44  4:46  Cloaking Field  
  44  4:47  Marine, SCV  
  46  4:54  SCV, Banshee  
  46  4:59  SCV  
  51  5:07  Engineering Bay  
  51  5:08  SCV  
  51  5:10  Refinery x2  
  51  5:11  Starport Tech Lab  
  52  5:17  SCV  
  52  5:20  SCV  
  54  5:23  Supply Depot  
  54  5:26  Supply Depot  
  54  5:30  SCV  
  54  5:32  SCV  
  56  5:42  SCV  
  57  5:44  SCV  
  57  5:46  Armory  
  58  5:52  Supply Depot  
  58  5:54  Banshee  
  58  5:56  Missile Turret x2  
  61  5:58  Missile Turret  
  61  6:00  Banshee  
  64  6:05  Hyperflight Rotors  
  64  6:07  SCV  
  64  6:08  SCV  
  66  6:22  Siege Tank  
  69  6:36  Banshee  
  72  6:45  Command Center, SCV  
  72  6:46  SCV  
  74  6:50  Banshee  
  77  6:57  SCV  
  77  6:58  SCV  
  79  7:02  Siege Tank  
  82  7:16  Command Center  
  82  7:21  Missile Turret, Hi-Sec Auto Tracking  
  82  7:24  Missile Turret  
  82  7:25  Missile Turret  
  82  7:26  Banshee  
  85  8:06  Banshee  
  85  8:09  Banshee  
  63  8:49  Banshee  
  63  8:51  Banshee  
  49  9:17  SCV x2  
  51  9:29  SCV x2  
  53  9:31  Banshee  
  53  9:35  Terran Ship Weapons Level 1  
  56  9:41  SCV x2  
  58  9:53  SCV x2  
  58  9:59  Missile Turret  
  60  10:05  SCV x2  
  62  10:11  Supply Depot x3  
  62  10:12  Planetary Fortress  
  62  10:13  Supply Depot x2  
  62  10:17  SCV x2  
  64  10:29  SCV  
  64  10:30  SCV  
  66  10:41  SCV  
  66  10:42  SCV  
  68  10:54  SCV x2  
  70  11:06  SCV x2  
  69  11:31  SCV  
  69  11:32  SCV x2  
  72  11:41  Factory  
  72  11:43  Factory x2, Terran Vehicle Weapons Level 1, SCV  
  72  11:44  Factory, SCV  
  72  11:46  Factory, Armory  
  74  11:56  Liberator x2  
  74  11:57  Command Center  
  74  11:58  Missile Turret  
  74  12:00  Command Center, Missile Turret  
  75  12:01  SCV x2  
  75  12:02  Missile Turret, SCV  
  75  12:03  Missile Turret  
  77  12:10  Infernal Pre-Igniter  
  77  12:13  SCV x2  
  85  12:19  Refinery  
  85  12:24  Refinery  
  85  12:27  SCV  
  85  12:28  SCV x2  
  88  12:35  Factory Tech Lab x2  
  88  12:36  Factory Tech Lab x3  
  88  12:43  SCV x3  
  91  12:47  Liberator x2  
  91  12:55  SCV x2  
  93  12:59  Siege Tank x4  
  93  13:00  Siege Tank  
  93  13:01  Hellion  
  116  13:07  SCV  
  117  13:22  Hellion  
  119  13:27  Terran Ship Weapons Level 2  
  119  13:31  Hellion x3  
  119  13:32  Hellion x2  
  129  13:37  Terran Vehicle And Ship Armor Level 1, Supply Depot  
  129  13:38  Supply Depot  
  129  13:39  Supply Depot  
  129  13:43  Hellion  
  129  13:44  Neosteel Armor  
  131  13:49  Missile Turret x2  
  131  13:51  Missile Turret  
  131  13:52  Planetary Fortress, Hellion  
  136  13:55  Siege Tank  
  136  13:57  Hellion x2  
  136  13:58  Hellion  
  142  14:03  Supply Depot  
  142  14:04  Supply Depot  
  142  14:05  Hellion  
  144  14:11  Missile Turret  
  144  14:14  Hellion  
  146  14:19  Hellion x3  
  128  14:57  Raven  
  130  15:06  Command Center  
  130  15:09  Siege Tank x2  
  130  15:10  Siege Tank x3  
  145  15:30  Siege Tank  
  136  15:42  Refinery  
  136  15:43  Refinery x2  
  136  15:44  Refinery  
  136  15:46  Missile Turret  
  136  15:48  Missile Turret x3  
  136  15:49  Missile Turret  
  136  15:50  Planetary Fortress  
  134  16:31  Planetary Fortress  
  134  16:35  Missile Turret  
  134  16:39  Siege Tank x2  
  140  16:44  Terran Vehicle Weapons Level 2  
  140  16:55  Missile Turret  
  127  17:16  Missile Turret  
  108  17:44  SCV x4, Refinery  
  110  17:48  Hellion x2  
  110  17:49  Hellion x4  
  124  17:51  Viking  
  124  17:52  Viking  
  124  17:56  SCV x3  
  131  18:04  Mag-Field Accelerator, Drilling Claws  
  131  18:10  Hellion x4, Widow Mine x2  
  143  18:16  SCV x3  
  146  18:21  Viking  
  146  18:22  Viking  
  150  18:28  SCV  
  150  18:31  Widow Mine x2  
  155  18:40  SCV  
  126  18:51  Viking x2  
  126  18:52  SCV  
  92  19:05  Siege Tank x5  
  92  19:06  Siege Tank  
  110  19:13  SCV x3  
  110  19:14  SCV  
  114  19:21  Viking x2  
  114  19:23  Terran Vehicle Weapons Level 3  
  118  19:24  Terran Vehicle And Ship Armor Level 2  
  118  19:25  SCV  
  119  19:37  Siege Tank, Hellion  
  119  19:38  Hellion  
  126  19:42  Starport  
  126  19:44  Starport  
  126  19:48  SCV  
  126  19:51  Raven, Viking  
  131  19:59  Missile Turret  
  131  20:00  SCV  
  120  20:32  Siege Tank x3  
  120  20:33  Siege Tank x2, Hellion  
  137  20:46  SCV  
  138  20:55  Hellion  
  140  20:58  Missile Turret, SCV, Viking  
  140  20:59  Viking  
  140  21:01  Missile Turret x2, Starport Reactor  
  145  21:04  Hellion  
  145  21:05  Hellion x4  
  145  21:10  SCV  
  156  21:16  Hellion  
  155  21:19  Missile Turret  
  155  21:20  Missile Turret  
  155  21:22  Missile Turret  
  155  21:26  Hellion x5  
  155  21:28  Viking  
  155  21:29  Viking  
  155  21:30  Command Center  
  164  21:37  Hellion  
  148  21:41  Terran Ship Weapons Level 3  
  148  21:47  Hellion x2, Viking x2  
  148  21:48  Viking  
  158  21:58  Viking x2  
  142  22:36  Cyclone x4  
  154  22:39  Command Center  
  142  23:11  Viking x2  
  142  23:12  Viking x3  
  144  23:15  Hellion  
  144  23:16  Hellion  
  139  24:06  Siege Tank x4  
  139  24:07  Siege Tank x2  
  118  24:13  Planetary Fortress  
  118  24:21  Planetary Fortress  
  118  24:34  SCV  
  118  24:38  Siege Tank x2  
  122  24:39  Hellion x4  
  133  24:46  SCV  
  133  24:51  SCV  
  135  24:56  SCV, Refinery  
  135  24:57  Refinery, SCV  
  135  24:58  SCV  
  138  25:00  Terran Vehicle And Ship Armor Level 3  
  138  25:03  SCV  
  139  25:10  SCV  
  122  25:24  Siege Tank  
  122  25:25  Siege Tank x4  
  112  25:48  Hellion  
  107  25:57  Hellion x4  
  107  25:58  Hellion  
  106  26:09  Hellion  
  102  26:18  Hellion  
  102  26:19  Hellion x4  
  110  26:31  Hellion  
  110  26:32  Viking x2  
  114  26:33  Viking x3  
  124  26:40  Hellion x5  
  132  26:54  Command Center  
  132  27:02  Viking x2  
  132  27:03  Viking  
  128  27:22  Siege Tank x2  
  134  27:23  Siege Tank x4  
  146  27:30  SCV  
  147  27:42  SCV  
  132  27:55  Hellion x6  
  136  28:00  Smart Servos  
  136  28:13  SCV  
  136  28:16  Planetary Fortress, Hellion x4  
  136  28:17  Hellion x2  
  149  28:20  Missile Turret  
  149  28:25  SCV  
  150  28:37  Hellion x2, SCV  
  150  28:38  Hellion x4, Refinery  
  148  28:42  Refinery  
  138  28:49  SCV  
  139  28:59  Hellion x2, Cyclone x4  
  155  29:20  Hellion, Cyclone  
  164  29:31  Hellion x3  
Show
View Real Time Build Order
Export as new Build Order

Terkea Zerg 

Build Orders: Hatch First 

Get SALT Encoding   

  12  0:01  Drone  
  13  0:12  Overlord  
  13  0:23  Drone  
  14  0:31  Drone x2  
  14  0:35  Drone  
  17  0:54  Hatchery  
  16  0:57  Drone  
  16  1:01  Drone  
  18  1:11  Extractor  
  18  1:17  Spawning Pool  
  16  1:22  Drone x2  
  18  1:28  Drone  
  19  1:39  Drone  
  20  1:49  Overlord  
  20  2:03  Queen  
  20  2:06  Queen  
  20  2:07  Zergling x4  
  26  2:14  Drone  
  27  2:15  Metabolic Boost  
  27  2:18  Drone  
  28  2:25  Zergling x2  
  29  2:34  Drone  
  29  2:35  Drone  
  31  2:38  Overlord  
  31  2:43  Queen  
  33  2:46  Overlord  
  33  2:51  Drone  
  34  3:06  Drone x2  
  34  3:07  Drone  
  34  3:11  Drone  
  38  3:15  Drone x6  
  44  3:21  Overlord  
  44  3:24  Drone  
  45  3:31  Extractor  
  45  3:32  Extractor  
  42  3:45  Drone x5  
  42  3:46  Drone  
  48  3:49  Hatchery  
  47  3:57  Drone x2  
  47  3:58  Drone  
  50  4:09  Roach Warren  
  49  4:10  Evolution Chamber  
  49  4:13  Overlord x2  
  48  4:21  Drone x3  
  51  4:37  Lair  
  51  4:39  Zerg Missile Weapons Level 1  
  51  4:49  Drone x4  
  55  4:55  Roach  
  55  4:56  Roach x5  
  67  5:01  Spore Crawler  
  67  5:04  Spore Crawler  
  65  5:12  Pneumatized Carapace  
  65  5:19  Roach x4  
  73  5:34  Overlord x4  
  73  5:49  Drone  
  74  5:52  Queen  
  74  5:53  Drone x12, Extractor  
  74  5:54  Extractor  
  74  5:55  Spore Crawler  
  85  5:59  Spine Crawler  
  85  6:02  Roach  
  85  6:03  Roach  
  88  6:04  Glial Reconstitution  
  88  6:12  Roach  
  88  6:13  Roach x4  
  88  6:16  Overseer  
  98  6:32  Hydralisk Den  
  97  6:33  Spire, Roach  
  97  6:34  Roach x4  
  106  6:51  Overlord x3  
  106  6:52  Overlord  
  106  6:54  Zerg Missile Weapons Level 2  
  106  7:13  Hatchery  
  106  7:15  Roach x5  
  115  7:16  Roach x5  
  125  7:25  Roach  
  125  7:26  Roach x4  
  135  7:30  Drone x3  
  135  7:34  Grooved Spines  
  135  7:59  Hydralisk  
  135  8:01  Hydralisk  
  135  8:02  Overlord  
  135  8:03  Overlord x3  
  131  8:11  Hydralisk x3, Spore Crawler  
  131  8:12  Hydralisk x2  
  131  8:17  Overseer  
  130  8:23  Overseer x2  
  128  8:33  Hydralisk  
  128  8:34  Hydralisk x3  
  110  8:47  Drone  
  110  8:48  Drone x4  
  95  8:59  Spawning Pool  
  72  9:13  Hydralisk x3  
  72  9:16  Drone x2  
  60  9:28  Zerg Ground Armor Level 1  
  60  9:37  Drone  
  60  9:38  Drone x6  
  67  9:55  Spore Crawler  
  67  9:57  Drone x2  
  67  9:58  Drone x5, Spore Crawler  
  72  10:05  Queen  
  74  10:15  Drone x2  
  74  10:16  Drone x5  
  74  10:20  Queen  
  83  10:25  Overseer  
  83  10:26  Overseer  
  78  10:37  Hydralisk x4  
  78  10:38  Hydralisk  
  87  10:46  Hydralisk  
  87  10:47  Hydralisk x2  
  93  10:59  Hydralisk x5  
  93  11:03  Queen  
  93  11:13  Drone  
  93  11:14  Drone x7  
  95  11:27  Hydralisk x4  
  103  11:35  Extractor x2  
  103  11:39  Queen  
  103  11:40  Hydralisk  
  103  11:41  Hydralisk x4  
  103  11:46  Overseer  
  113  11:47  Overseer  
  113  12:03  Hydralisk x6  
  113  12:08  Hatchery  
  124  12:19  Hydralisk x2  
  124  12:20  Hydralisk x5  
  138  12:31  Hydralisk  
  138  12:32  Hydralisk x4  
  148  12:38  Muscular Augments  
  148  12:39  Infestation Pit  
  147  12:51  Drone  
  147  12:52  Drone x5  
  153  13:02  Spine Crawler, Spore Crawler  
  153  13:03  Overlord x4, Spine Crawler, Spore Crawler  
  149  13:09  Zerg Flyer Armor Level 1  
  149  13:15  Hive  
  149  13:23  Hydralisk  
  149  13:24  Hydralisk x4  
  159  13:33  Hydralisk x4  
  167  13:43  Drone  
  167  13:44  Drone x8  
  167  13:45  Drone  
  177  13:57  Hatchery  
  176  14:04  Hydralisk  
  176  14:05  Hydralisk x5  
  170  14:33  Hydralisk x11  
  162  14:41  Overseer  
  162  14:42  Overseer  
  162  14:47  Drone x9  
  162  14:48  Drone x10  
  162  14:50  Extractor  
  162  14:51  Extractor  
  179  15:13  Greater Spire  
  179  15:14  Corruptor x2  
  179  15:20  Zergling x6  
  179  15:21  Zergling x20  
  194  15:47  Hydralisk  
  196  15:52  Extractor  
  196  15:55  Extractor  
  187  16:08  Corruptor x2  
  187  16:09  Corruptor x2  
  195  16:14  Zerg Missile Weapons Level 3  
  195  16:46  Zerg Flyer Armor Level 2  
  187  17:11  Overlord x11  
  179  17:21  Hydralisk x5  
  179  17:27  Brood Lord x2  
  179  17:28  Brood Lord  
  179  17:37  Hydralisk x12  
  187  17:56  Hydralisk  
  187  17:57  Hydralisk x5  
  195  18:36  Hydralisk x7  
  187  18:46  Hydralisk x5  
  187  18:47  Hydralisk  
  183  18:55  Hydralisk x2  
  149  18:56  Hydralisk  
  125  19:12  Zergling x6  
  125  19:13  Zergling x48  
  152  19:23  Hydralisk x8  
  168  19:40  Hydralisk x6  
  179  19:55  Hydralisk x5  
  168  20:12  Corruptor  
  168  20:13  Corruptor x2  
  161  20:39  Hydralisk  
  161  20:40  Hydralisk x9  
  181  21:08  Hydralisk x9, Hatchery  
  178  21:28  Hydralisk  
  178  21:29  Hydralisk x6  
  158  21:44  Zergling x2  
  158  21:45  Zergling x38  
  171  21:59  Corruptor  
  171  22:00  Corruptor x4  
  175  22:04  Overseer  
  175  22:06  Overseer  
  153  22:28  Hydralisk x7  
  159  22:49  Hydralisk  
  159  22:50  Hydralisk x6  
  162  23:03  Hydralisk  
  162  23:04  Hydralisk x3  
  152  23:06  Zergling x10  
  152  23:07  Zergling x22  
  142  23:20  Queen  
  142  23:21  Queen  
  142  23:24  Hydralisk  
  142  23:25  Hydralisk x7  
  153  23:36  Hydralisk  
  153  23:37  Hydralisk x3  
  153  23:39  Zergling x2  
  153  23:40  Zergling x42  
  177  24:01  Zergling x22  
  149  24:16  Hydralisk x5  
  149  24:17  Hydralisk x4  
  144  24:38  Hydralisk  
  144  24:39  Hydralisk x6  
  158  24:52  Drone x3  
  161  24:58  Extractor  
  160  25:00  Hydralisk  
  160  25:01  Hydralisk x4  
  170  25:09  Zergling x2  
  170  25:10  Zergling x34  
  170  25:11  Zergling x2  
  175  25:36  Zergling x20  
  175  25:37  Zergling x4  
  175  25:41  Overlord x3  
  128  26:07  Hydralisk x13  
  128  26:08  Hydralisk x4  
  129  26:26  Baneling Nest  
  129  26:28  Zerg Ground Armor Level 2  
  128  26:46  Drone x12  
  128  26:47  Drone x12  
  148  26:53  Hatchery  
  151  26:57  Hydralisk  
  151  26:58  Hydralisk x7  
  151  27:00  Hatchery  
  156  27:12  Hydralisk x4  
  156  27:13  Hydralisk  
  162  27:28  Hydralisk  
  162  27:29  Hydralisk x3  
  170  27:30  Hatchery  
  167  27:50  Hydralisk  
  167  27:51  Hydralisk x5  
  161  28:11  Extractor x2  
  159  28:13  Zergling x2  
  159  28:14  Zergling x38  
  179  28:25  Hydralisk x3  
  147  28:46  Hydralisk  
  147  28:47  Hydralisk x6  
  144  29:04  Hydralisk  
  144  29:05  Hydralisk x5  
  149  29:17  Hydralisk x3  
  149  29:18  Hydralisk  
  137  29:34  Zergling x10  
  137  29:35  Zergling x22  
  89  29:58  Hydralisk x5  
  89  29:59  Hydralisk  
Tags
 
Add a new tag
Caveats
  • Supply blocks, unpowered buildings, or Contaminate may cause inaccurate times.
  • Supply counts are checked every 10 seconds.